 Dungeon Crawl Stone Soup version 0.23.2-33-g5129a83184 (webtiles) character file.

Game seed: 12092546677715960601

144 t4s4d4r the Magician (level 5, -2/35 HPs)
             Began as a Mummy Ice Elementalist on July 22, 2019.
             Slain by a centaur (3 damage)
             ... on level 3 of the Dungeon.
             The game lasted 00:04:20 (3536 turns).

t4s4d4r the Magician (Mummy Ice Elementalist)       Turns: 3536, Time: 00:04:21

Health: -2/35      AC:  8    Str: 11    XL:     5   Next: 5%
Magic:  4/12       EV: 12    Int: 15    God:
Gold:   102        SH:  0    Dex: 13    Spells: 10/14 levels left

rFire    x . .     SeeInvis .   k - +0 flail
rCold    + . .     Gourm    .   (no shield)
rNeg     + + +     Faith    .   a - +0 robe
rPois    ∞         Spirit   .   (no helmet)
rElec    .         Reflect  .   (no cloak)
rCorr    .         Harm     .   (no gloves)
MR       .....                  h - +0 pair of boots (curse)
Stlth    ++........             (no amulet)
HPRegen  0.11/turn              (no ring)
MPRegen  0.13/turn              (no ring)

@: icy armour
A: no food or potions, fire vulnerability, cold resistance 1, negative energy
resistance 3, torment resistance, unbreathing
a: no special abilities


You were on level 3 of the Dungeon.
You were not hungry.

You visited 1 branch of the dungeon, and saw 3 of its levels.

You collected 102 gold pieces.

Inventory:

Hand Weapons
 k - a +0 flail (weapon)
Missiles
 c - 132 stones (quivered)
Armour
 a - a +0 robe (worn)
 h - a cursed +0 pair of boots (worn)
 i - a +0 leather armour
Wands
 d - a wand of acid (9)
Scrolls
 b - a scroll of noise {unknown}
 e - a scroll of enchant weapon {unknown}
 f - 4 scrolls of identify {unknown}
 g - a scroll of random uselessness {unknown}
 j - a scroll of immolation {unknown}
 l - a scroll of remove curse {unknown}


   Skills:
 - Level 1.5 Dodging
 - Level 1.5 Stealth
 - Level 5.2 Spellcasting
   Level 0.7 Conjurations
 + Level 3.6 Ice Magic


You had 10 spell levels left.
You knew the following spells:

 Your Spells              Type           Power        Failure   Level  Hunger
a - Freeze                Ice            ##..         3%          1    N/A
b - Ozocubu's Armour      Chrm/Ice       #.......     22%         3    N/A

Your spell library contained the following spells:

 Spells                   Type           Power        Failure   Level  Hunger
 Throw Frost              Conj/Ice       ##....       10%         2    N/A
 Throw Icicle             Conj/Ice       ##......     54%         4    N/A
 Summon Ice Beast         Ice/Summ       #.......     58%         4    N/A

Dungeon Overview and Level Annotations

Branches:
Dungeon (3/15)

Altars:


Innate Abilities, Weirdness & Mutations

You do not eat or drink.
Your flesh is vulnerable to fire.
You are immune to poison.
Your flesh is cold resistant. (rC+)
You are immune to negative energy. (rN+++)
You are immune to unholy pain and torment.
You can survive without breathing.


Message History

Casting: Freeze (safe; 3% risk of failure)
Confirm with . or Enter, or press ? or * to list all spells.
Aiming: Freeze (safe; 3% risk of failure)
Press: ? - help, Shift-Dir - straight line, f/p - centaur
Aim: a centaur (heavily wounded)
You freeze the centaur.
The centaur is severely wounded.
The centaur hits you!
* * * LOW HITPOINT WARNING * * *
Casting: Freeze (safe; 3% risk of failure)
Confirm with . or Enter, or press ? or * to list all spells.
Aiming: Freeze (safe; 3% risk of failure)
Press: ? - help, Shift-Dir - straight line, f/p - centaur
Aim: a centaur (severely wounded)
You freeze the centaur.
The centaur is almost dead.
The centaur hits you!
* * * LOW HITPOINT WARNING * * *
The centaur hits you.
You die...

............# #
######...########
#
.......#.........
# ###.#...##...##
#
#.##.##..#..####
# # #....###....
# ####..#..## #
##....c.# #
#....@#.# #####
#....##... #....
#.>.....###c#
#.### .........#
.# ## ##.......#
# #. ###...#.. #.
#.[.#.## #.
##.##.# #.##.
###.##.######
!.).##.


You could see a centaur.

Vanquished Creatures
  An orc wizard (D:3)
  Terence (D:2)
  A howler monkey zombie (D:3)
  An ooze (D:1)
  2 worms (D:2)
  2 dart slugs (D:2)
  2 leopard geckos
  4 orcs (D:3)
  5 bats
  3 giant cockroaches
  15 goblins
  4 hobgoblins
  2 jackals (D:1)
  5 kobolds
  2 ball pythons (D:3)
  2 frilled lizards (D:1)
  8 rats
60 creatures vanquished.

Notes
Turn   | Place    | Note
-------+----------+-------------------------------------------
     0 | D:1      | t4s4d4r the Mummy Ice Elementalist began the quest for the
                  | Orb.
     0 | D:1      | Reached XP level 1. HP: 13/13 MP: 4/4
    41 | D:1      | Reached skill level 3 in Spellcasting
   204 | D:1      | Reached XP level 2. HP: 19/19 MP: 0/6
   520 | D:1      | Reached skill level 4 in Spellcasting
   958 | D:1      | Reached XP level 3. HP: 24/24 MP: 8/8
  1770 | D:2      | Learned a level 3 spell: Ozocubu's Armour
  2649 | D:2      | Noticed Terence
  2659 | D:2      | Killed Terence
  2659 | D:2      | Reached XP level 4. HP: 21/30 MP: 4/10
  2962 | D:3      | Reached skill level 5 in Spellcasting
  3260 | D:3      | Reached XP level 5. HP: 18/35 MP: 12/12
  3529 | D:3      | Noticed a centaur
  3536 | D:3      | HP: 1/35 [centaur (7)]
  3536 | D:3      | Slain by a centaur

Skill      XL: |  1  2  3  4 |
---------------+-------------+-----
Spellcasting   | 3 4 5 |  5.2
Ice Magic      | 3 |  3.6
Dodging        | |  1.5
Stealth        | |  1.5
Conjurations   | |  0.7

Action                   |  1- 3 |  4- 6 || total
-------------------------+-------+-------++-------
Melee: Unarmed           |     4 |       ||     4
       Mace              |    52 |       ||    52
       Flail             |       |    31 ||    31
Throw: Stone             |       |     1 ||     1
 Cast: Freeze            |    57 |    24 ||    81
       Ozocubu's Armour  |       |     1 ||     1
 Stab: Sleeping          |     2 |     2 ||     4
Armor: Robe              |    18 |     4 ||    22
Dodge: Dodged            |    85 |    33 ||   118
